 Dungeon Crawl Stone Soup version 0.32-a0-673-g3729bd50f8 (webtiles) character file.

Game seed: 15358129428091907166

1328 djent the Cutter (level 8, -5/43 HPs)
             Began as a Deep Elf Fighter on Mar 11, 2024.
             Was a Follower of Hepliaklqana.
             Killed from afar by a steam dragon (12 damage)
             ... with a ball of steam
             ... on level 7 of the Dungeon.
             The game lasted 00:18:26 (4521 turns).

djent the Cutter (Deep Elf Fighter)                 Turns: 4521, Time: 00:18:28

Health: -5/43      AC: 19    Str: 13    XL:     8   Next: 34%
Magic:  10/10      EV:  7    Int: 14    God:    Hepliaklqana [*.....]
Gold:   372        SH:  6    Dex: 21    Spells: 6/7 levels left

rFire   . . .        d - +4 dagger (venom) {thanks Jessica}
rCold   . . .        c - +1 buckler {didn't fighters used to have shields?}
rNeg    . . .        p - +8 chain mail of Puytziqe {Fly Dex+5}
rPois   .            (no helmet)
rElec   .            e - +0 cloak
rCorr   .            (no gloves)
SInv    +            q - +0 pair of boots
Will    .....        (no amulet) Stlth
                     y - ring of see invisible
HPRegen 0.27/turn    (no ring)
MPRegen 0.12/turn

%: no passive effects
@: flying
A: reduced essence
a: Renounce Religion, Recall Ancestor, Ancestor Identity


You were on level 7 of the Dungeon.
You worshipped Hepliaklqana.
Hepliaklqana was aware of your devotion.
You visited 2 branches of the dungeon, and saw 8 of its levels.

You collected 372 gold pieces.

Inventory:

Hand Weapons
 d - a +4 dagger of venom (weapon) {thanks Jessica}
Missiles
 o - 11 poisoned darts (quivered)
Armour
 c - a +1 buckler (worn) {didn't fighters used to have shields?}
 e - a +0 cloak (worn)
 l - +0 acid dragon scales
 p - the +8 chain mail of Puytziqe (worn) {Fly Dex+5}
   (You found it on level 3 of the Dungeon)

   Dex+5:     It affects your dexterity (+5).
   Fly:       It grants you flight.
 q - a +0 pair of boots (worn)
Jewellery
 y - a ring of see invisible (left hand)
Scrolls
 g - 2 scrolls of noise
 h - a scroll of enchant weapon {unknown}
 j - a scroll of amnesia {unknown}
 k - 2 scrolls of torment {unknown}
 n - 2 scrolls of fog {unknown}
 r - a scroll of silence {unknown}
 s - a scroll of blinking {unknown}
 u - a scroll of fear {unknown}
 w - a scroll of poison {unknown}
Potions
 b - a potion of haste
 f - a potion of resistance
 i - a potion of attraction
 m - a potion of invisibility
 t - a potion of ambrosia
 v - a potion of curing
 x - a potion of berserk rage {unknown}
 z - a potion of might


   Skills:
 + Level 4.9 Fighting
 * Level 7.5 Short Blades
 + Level 4.3 Armour
 - Level 2.7 Dodging
 - Level 2.4 Shields


You had 6 spell levels left.
You knew the following spells:

 Your Spells              Type           Power      Damage    Failure   Level
a - Magic Dart            Conj           0%         1d3       100%        1

Your spell library contained the following spells:

 Spells                   Type           Power      Damage    Failure   Level
 Searing Ray              Conj           0%         2d4       100%        2
 Fulminant Prism          Conj/Alch      0%         3d5       100%        4


Dungeon Overview and Level Annotations

Branches:
Dungeon (7/15)             Temple (1/1) D:4

Altars:
Ashenzari
Dithmenos
Elyvilon
Fedhas
Gozag
Hepliaklqana
Kikubaaqudgha
Makhleb
Nemelex Xobeh
Okawaru
Qazlal
Sif Muna
Xom
Yredelemnul
Zin
The Shining One

Portals:
Abyss: D:5

Annotations:
D:3 Grinder
D:5 2 transporters, dialectric's ghost, novice GrFi


Message History

Dowan resists.
Dowan completely misses the orc wizard.
The gnoll barely misses your kobold.
Your orc wizard hits the gnoll with a +0 dagger.
Your kobold closely misses the gnoll.
Your kobold brigand misses the orc wizard.
Your orc priest misses the orc wizard.
Your kobold barely misses the orc wizard.
The orc wizard hits your orc priest with a +0 dagger.
The orc wizard hits Dowan with a +0 dagger.
Dowan hits the gnoll.
The gnoll dies!
Unknown command.
Your orc wizard dissolves into shadows!
The orc wizard hits your kobold brigand with a +0 dagger.
Your orc priest calls down the wrath of Beogh upon the orc wizard.
The orc wizard is smitten.
The orc wizard dies!
Your kobold barely misses the orc wizard.
The orc wizard hits Dowan but does no damage.
Dowan hits the orc wizard.
Unknown command.
Your kobold closely misses the orc wizard.
The orc wizard hits your orc priest with a +0 dagger.
The orc wizard completely misses Dowan.
Dowan hits the orc wizard.
You see here a +0 halberd.
You hit the orc wizard.
The orc wizard is poisoned.
The orc wizard is almost dead.
Your kobold dissolves into shadows!
Your orc priest barely misses the orc wizard.
The orc wizard hits your orc priest with a +0 dagger.
The orc wizard hits you but does no damage.
Dowan misses the orc wizard.
You puncture the orc wizard!
You kill the orc wizard!
The orc wizard barely misses your orc priest.
The steam dragon breathes steam at you. The ball of steam hits you!
You die...
Hepliaklqana delivers you to your ancestors.

.##.......#..##
.##.......#...#
D#######..#.#.##
.#######.......##
....D...........##
......§..........#
.###.#§oK.......#
.###..o§§.......#
.....#..<@......#
.......oRK.......#
.........)......##
......)...).$....#
.................#
.......(.........#
......$........$#
................#
......#........


You could see the friendly Dowan the ancestor, an orc wizard (invisible, ally
target), a friendly kobold brigand (summoned), a friendly orc priest (summoned),
a friendly orc (summoned) and a friendly kobold (summoned).

Vanquished Creatures
  A water moccasin (D:6)
  An ice beast (D:5)
  2 black bears
  A centaur (D:6)
  A scorpion (D:4)
  A gnoll sergeant (D:7)
  3 hounds
  A jelly (D:6)
  A gnoll bouda (D:4)
  Jessica (D:2)
  Natasha (D:2)
  3 orc wizards
  10 gnolls
  8 adders
  2 ufetubi (D:5)
  2 dart slugs
  14 orcs
  3 ball pythons
  2 endoplasms
  3 giant cockroaches
  9 goblins
  7 hobgoblins
  7 jackals
  5 quokkas
  6 bats
  4 frilled lizards
  6 kobolds
  4 rats
109 creatures vanquished.

Vanquished Creatures (collateral kills)
  A jelly (D:6)
  A bombardier beetle (D:5)
  A hound (D:6)
  3 orc wizards (D:7)
  3 gnolls (D:7)
  2 adders (D:6)
  2 orcs (D:7)
13 creatures vanquished.

Grand Total: 122 creatures vanquished

Notes
Turn   | Place    | Note
-------+----------+-------------------------------------------
     0 | D:1      | djent the Deep Elf Fighter began the quest for the Orb.
     0 | D:1      | Reached XP level 1. HP: 13/13 MP: 3/3
   123 | D:1      | Reached XP level 2. HP: 18/18 MP: 4/4
   285 | D:1      | Learned a level 1 spell: Magic Dart
   319 | D:1      | Reached skill level 1 in Dodging
   622 | D:2      | Reached XP level 3. HP: 5/22 MP: 5/5
   813 | D:2      | Noticed Jessica
   825 | D:2      | Reached skill level 3 in Short Blades
   831 | D:2      | Killed Jessica
   832 | D:2      | Reached XP level 4. HP: 13/27 MP: 6/6
   993 | D:2      | +4 venom dagger actually unstoppable
  1077 | D:2      | Noticed Natasha
  1086 | D:2      | Killed Natasha
  1700 | D:3      | Noticed Grinder
  1969 | D:3      | Reached skill level 4 in Short Blades
  1969 | D:3      | Reached XP level 5. HP: 25/32 MP: 7/7
  2049 | D:3      | Found a shimmering altar of Xom.
  2095 | D:3      | Identified the +8 chain mail of Puytziqe {Fly Dex+5}
  2493 | D:4      | Found a white marble altar of Elyvilon.
  2632 | D:4      | Found a staircase to the Ecumenical Temple.
  2659 | Temple   | Entered the Ecumenical Temple
  2660 | Temple   | finally
  2691 | Temple   | Became a worshipper of Hepliaklqana the Forgotten
  2918 | D:4      | Reached XP level 6. HP: 31/37 MP: 8/8
  2976 | D:4      | Reached skill level 5 in Short Blades
  3275 | D:5      | Entered Level 5 of the Dungeon
  3673 | D:5      | Reached XP level 7. HP: 41/42 MP: 9/9
  3789 | D:5      | Reached * piety under Hepliaklqana
  3839 | D:5      | Found a transporter.
  3843 | D:5      | Found a transporter.
  3892 | D:5      | Noticed a small abomination
  3908 | D:5      | Noticed dialectric's ghost (novice GrFi)
  3919 | D:5      | Found a one-way gate to the infinite horrors of the Abyss.
  4036 | D:6      | Reached skill level 6 in Short Blades
  4188 | D:5      | WTFFFF
  4407 | D:6      | Reached XP level 8. HP: 39/43 MP: 10/10
  4414 | D:6      | XL 8, new record
  4491 | D:7      | absolute bullshit
  4491 | D:7      | turn 1, go down stairs
  4491 | D:7      | turn 2, go up stairs
  4491 | D:7      | netted while going up stairs
  4495 | D:7      | crazy summoning scroll
  4497 | D:7      | I'm un-netted. Do I go upstairs?
  4497 | D:7      | I think I need to step off the stairs though
  4498 | D:7      | Reached skill level 7 in Short Blades
  4515 | D:7      | D:7 steam dragon...
  4521 | D:7      | Killed from afar by a steam dragon

Illustrated notes .....####.........# ..................# .............##...# .............#..#.# .....#######....#.# .....##########.#.# # .†..............†.# . .....##########.######## # ...............<@....... ###############.######## #.# #.# #### ... #... ... #.## #### (... #.## ...# ... #... ...####### #..# Turn 993 on D:2: +4 venom dagger actually unstoppable

...##......................#.....
..##..................._...#.....
..#........................#.....
..#...._...................###...
..#..........................##..
..#...._......................##.
..#............................#.
..##......................_....#.
...##...........@..............#.
..##......................_....#.
..#............................#.
..#...._......................##.
..#..........................##..
..#...._...................###...
..#........................#.....
..##..................._...#.....
...##......................#.....


Turn 2660 on Temple: finally .# #..##...#.........##.# .# ##..#...##.#########.#
.# ##.#...##...........# .# #.....##..########## .# ##............# .#
##..########.# .# #..)......#.# .# ##.######.#.# .# #@######.#.# .#
####Y>......#'## .# #...÷.R........# .## #.......)......# ..# #..............#
..# #..............# ..# #..............# ..# #..............#
#.###########..............# Turn 4188 on D:5: WTFFFF ##############
#............# #............# #.......†....# #..@R........# #..#...###...#
##########...# #. #.....# #.. #.....# #.. #.....# #.. #.....# ####.####....#
#..#...##....# Turn 4414 on D:6: XL 8, new record #.......#...# ######..#.#.##
######.......## . ....o.......# .............. #.#...o..o... #............
#..@....... .............h. ..............# ..........$g... .........g.gg..
.....(......g.. .....$.......g$ ............... Turn 4491 on D:7: absolute
bullshit #.......#...# ######..#.#.## ######oo.....## . ............#
...K.......... #.#ooo....... #K...{K...... #KR@oh..... .......ggg.....
...K....hg....# ......K.Kgg.... ............... .....(......... .....$........$
............... Turn 4495 on D:7: crazy summoning scroll #.......#...#
######..#.#.## ######.......## . .....oo.....# .....o........ #.#Koo.......
#.o.K{K...... #.R@oh..... .......ggg..... ....K..Khgg...# ........Kg$....
............... .....(......... .....$........$ ............... Turn 4497 on
D:7: I'm un-netted. Do I go upstairs? .##..####.. # .##.......#..##
D##.......#...# .#######..#.#.## .#######.......## ................#
................. #.#@o........ .###..K)o....... ....o#oKg)......
.......KRo....... ......ooKg......# ......)..o).$.... .................
.......(......... ......$........$ Turn 4515 on D:7: D:7 steam dragon...

Levels and vault maps discovered:
D:1:      roderic_dead_forest, layout_rooms
D:2:      layout_basic, uniq_natasha, uniq_crazy_yiuf_cottage, uniq_terence,
          uniq_jessica
D:3:      layout_basic, amcnicky_altar_gilded, interstate_on_off,
          minmay_goblin_outpost, uniq_grinder
D:4:      layout_loops_ring, elyvilon_altar_5, minmay_temple_entry_wispy,
          hangedman_minor_gate_pass
D:5:      layout_basic, gammafunk_ghost_abyssal_escape
D:6:      layout_gridville, mainiacjoe_overflow_small_starburst
D:7:      layout_rooms, mainiacjoe_overflow_chevrons,
          mainiacjoe_overflow_catwalk_spiral, serial_shops,
          nicolae_shop_overgrown_old_shop, uniq_maurice
Temple:   nicolae_temple_great_sept

Skill      XL: |  1  2  3  4  5  6  7  8 |
---------------+-------------------------+-----
Dodging        | 1 2 |  2.7
Short Blades   | 3 4 5 6 7 |  7.5
Fighting       | 3 4 |  4.9
Armour         | 3 4 |  4.3
Shields        | |  2.4

Action                     |  1- 3 |  4- 6 |  7- 9 || total
---------------------------+-------+-------+-------++-------
  Melee: Rapier            |   100 |       |       ||   100
         Dagger            |       |   213 |    79 ||   292
  Throw: Dart              |       |     4 |     9 ||    13
 Invoke: Recall Ancestor   |       |       |     3 ||     3
         Ancestor Identity |       |       |     1 ||     1
    Use: Potion            |     2 |       |     2 ||     4
         Scroll            |       |     9 |     3 ||    12
   Stab: Distracted        |       |       |     2 ||     2
 Armour: Scale mail        |    73 |    24 |       ||    97
         Acid dragon scale |       |    16 |       ||    16
         Chain mail        |       |    72 |    64 ||   136
  Dodge: Dodged            |    46 |    49 |    20 ||   115
  Block: Buckler           |    19 |    36 |    27 ||    82

Table legend: (Time is in decaauts)
 A = Elapsed time spent in this place.
 B = Non-inter-level travel time spent in this place.
 C = Inter-level travel time spent in this place.
 D = Time resting spent in this place.
 E = Time spent auto-exploring this place.
 F = Levels seen in this place.
 G = Mean time per level.
                   A        B        C        D        E       F      G
               +--------+--------+--------+--------+--------+-----+--------+
         Total |   4482 |   4136 |    346 |    459 |   2485 |   8 |  560.2 |
       Dungeon |   4441 |   4113 |    328 |    459 |   2485 |   7 |  634.4 |
        Temple |     41 |     23 |     18 |      0 |      0 |   1 |   41.0 |
               +--------+--------+--------+--------+--------+-----+--------+

Top non-repeatable levels by time:
     D:2: 1135 daAuts
     D:5: 798 daAuts
     D:4: 794 daAuts
     D:3: 723 daAuts
     D:1: 619 daAuts
     D:6: 343 daAuts
  Temple: 41 daAuts
     D:7: 26 daAuts
